 Dungeon Crawl Stone Soup version 0.30-a0-125-g51eefa89be (webtiles) character file.

Game seed: 2463376656120952375

52697 Ofeo the Fighter (level 14, -10/114 HPs)
             Began as a Demonspawn Hexslinger on Sept 18, 2022.
             Was a High Priest of Kikubaaqudgha.
             Mangled by a fire elemental (12 damage)
             ... led by Azrael
             ... on level 14 of the Dungeon.
             The game lasted 00:58:08 (27471 turns).

Ofeo the Fighter (Demonspawn Hexslinger)           Turns: 27471, Time: 00:58:09

Health: -10/114    AC: 27    Str: 12    XL:     14   Next: 28%
Magic:  0/17       EV: 15    Int: 15    God:    Kikubaaqudgha [*****.]
Gold:   2707       SH:  0    Dex: 23    Spells: 4/17 levels left

rFire   . . .      SeeInvis .    O - +2 arbalest (flame)
rCold   . . .      Faith    .    (shield currently unavailable)
rNeg    + . .      Spirit   +    s - +2 pearl dragon scales
rPois   .          Reflect  .    f - +1 helmet
rElec   .          Harm     .    z - +0 cloak
rCorr   .          Rampage  .    (gloves unavailable)
Will    +....                    (no boots)
Stlth   ..........               I - amulet of guardian spirit
HPRegen 0.29/turn                o - +4 ring of protection
MPRegen 0.15/turn                t - +6 ring of dexterity

@: no status effects
A: claws 3, thin metallic scales 2, foul stench 1, powered by death 2
a: Renounce Religion, Unearth Wretches, Torment


You were on level 14 of the Dungeon.
You worshipped Kikubaaqudgha.
Kikubaaqudgha was extremely pleased with you.
You visited 4 branches of the dungeon, and saw 21 of its levels.

You collected 2890 gold pieces.
You spent 183 gold pieces at shops.

Inventory:

Hand Weapons
 p - a +4 long sword of freezing
 r - a +0 longbow
 A - a +7 morningstar
 O - a +2 arbalest of flaming (weapon)
Missiles
 j - 4 curare-tipped darts
Armour
 c - a +0 robe
 f - a +1 helmet (worn)
 s - +2 pearl dragon scales (worn)
 z - a +0 cloak (worn)
Jewellery
 a - a ring of ice
 e - an amulet of magic regeneration
 o - a +4 ring of protection (left claw)
 t - a +6 ring of dexterity (right claw)
 y - a ring of protection from fire
 C - a ring of poison resistance
 G - a ring of resist corrosion
 H - a ring of ice
 I - an amulet of guardian spirit (around neck)
 J - a ring of see invisible
 Q - a ring of fire
Wands
 u - a wand of charming (13)
 D - a wand of mindburst (7)
 M - a wand of flame (44)
 T - a wand of roots (6)
Scrolls
 d - 4 scrolls of vulnerability
 i - 4 scrolls of identify {@r1}
 l - a scroll of silence
 n - 6 scrolls of teleportation {@r3}
 v - a scroll of poison
 w - 4 scrolls of immolation
 E - 2 scrolls of magic mapping
 P - a scroll of brand weapon
 R - 2 scrolls of amnesia
 S - 2 scrolls of summoning
 U - a scroll of fear
Potions
 b - 2 potions of invisibility
 g - 2 potions of magic
 h - a potion of heal wounds {@q2}
 k - 2 potions of brilliance
 m - 4 potions of flight
 q - 7 potions of curing {@q1}
 x - 4 potions of mutation
 B - 2 potions of resistance {@q6}
 F - 2 potions of might {@q4}
 K - a potion of lignification
 L - 2 potions of haste {@q3}
 N - 5 potions of attraction


   Skills:
 + Level 11.9 Fighting
 + Level 11.2 Ranged Weapons
 + Level 10.7 Armour
 + Level 11.1 Dodging
 - Level 2.2 Spellcasting
 - Level 3.8 Hexes
 + Level 7.8 Necromancy
 + Level 2.8 Translocations
 - Level 3.0 Air Magic
 - Level 3.0 Poison Magic


You had 4 spell levels left.
You knew the following spells:

 Your Spells              Type           Power      Damage    Failure   Level
a - Slow                  Hex            52%        N/A       22%         1
b - Inner Flame           Hex/Fire       7%         N/A       82%         3
c - Cause Fear            Hex            6%         N/A       91%         4
d - Necrotise             Necr           100%       1d9       4%          1
e - Cigotuvi's Dreadful   Necr/Pois/Air  30%        N/A       24%         2
f - Blink                 Tloc           20%        N/A       43%         2

Your spell library contained the following spells:

 Spells                   Type           Power      Damage    Failure   Level
 Vampiric Draining        Necr           25%        2d7       12%         3
 Animate Dead             Necr           25%        N/A       38%         4
 Dispel Undead            Necr           25%        3d12      38%         4
 Portal Projectile        Hex/Tloc       22%        N/A       63%         3
 Static Discharge         Conj/Air       12%        2-3/arc   65%         2
 Gell's Gravitas          Tloc           10%        N/A       67%         3
 Lesser Beckoning         Tloc           10%        N/A       67%         3
 Teleport Other           Tloc           10%        N/A       67%         3
 Scorch                   Fire           2%         2d5       85%         2
 Spider Form              Tmut/Pois      6%         N/A       86%         3
 Manifold Assault         Tloc           10%        N/A       97%         4
 Olgreb's Toxic Radiance  Pois           10%        N/A       97%         4
 Flame Wave               Conj/Fire      1%         2d4       100%        4
 Petrify                  Tmut/Erth      1%         N/A       100%        4
 Agony                    Necr           25%        N/A       75%         5
 Borgnjor's Vile Clutch   Necr/Erth      6%         N/A       99%         5
 Death Channel            Necr           12%        N/A       99%         6
 Arcjolt                  Conj/Air       3%         1d13      100%        5
 Blade Hands              Tmut           0%         N/A       100%        5
 Fireball                 Conj/Fire      0%         3d3       100%        5
 Irradiate                Conj/Tmut      0%         3d11      100%        5
 Lightning Bolt           Conj/Air       3%         1d14      100%        5
 Summon Forest            Summ/Tloc      2%         N/A       100%        5
 Summon Mana Viper        Hex/Summ       7%         N/A       100%        5
 Dispersal                Tloc           5%         N/A       100%        6
 Simulacrum               Ice/Necr       6%         N/A       100%        6
 Summon Cactus Giant      Summ           0%         N/A       100%        6
 Dragon Form              Tmut           0%         N/A       100%        7
 Storm Form               Tmut/Air       3%         N/A       100%        7
 Maxwell's Capacitive Co  Air            5%         ∞         100%        8
 Dragon's Call            Summ           0%         N/A       100%        9


Dungeon Overview and Level Annotations

Branches:
Dungeon (14/15)            Temple (1/1) D:6            Lair (4/5) D:9
  Swamp (0/4) Lair:2       Spider (0/4) Lair:2        Slime (0/5) Lair:4
    Orc (2/2) D:9             Elf (0/3) Orc:2
 Vaults: D:13-14

Altars:
Ashenzari
Cheibriados
Dithmenos
Fedhas
Gozag
Hepliaklqana
Kikubaaqudgha
Makhleb
Nemelex Xobeh
Okawaru
Qazlal
Ru
Sif Muna
Trog
Uskayaw
Vehumet
Wu Jian
Xom
Yredelemnul

Shops:
D:3 *   D:11 *   Orc:2 =**[(*

Annotations:
D:5 Edmund
D:10 Nergalle


Innate Abilities, Weirdness & Mutations

You have claws for hands.
You are mostly covered in thin metallic scales. (AC +3)
You may rarely emit foul miasma when damaged in melee.
You regenerate health from kills.


Message History

The fire elemental closely misses you.
You take 5 damage, and have 36/114 hp.
Fire: O) +2 arbalest (flame)
Press: ? - help, Q - select action, (/) - cycle Shift-Dir - straight line, f/p - fire elemental
Aim: a fire elemental (severely damaged, 65% to hit)
You shoot a bolt. The bolt hits the fire elemental!!
You destroy the fire elemental!
Kikubaaqudgha accepts your kill. The fire elemental misses you.
The fire elemental closely misses you. The fire elemental hits you.
The fire elemental burns you!
* * * LOW HITPOINT WARNING * * *
You take 3 damage, and have 33/114 hp.
Fire: O) +2 arbalest (flame)
Press: ? - help, Q - select action, (/) - cycle Shift-Dir - straight line, f - fire elemental
Aim: a fire elemental (65% to hit)
You shoot a bolt.
The bolt barely misses the fire elemental.
The fire elemental closely misses you.
Fire: O) +2 arbalest (flame)
Press: ? - help, Q - select action, (/) - cycle Shift-Dir - straight line, f/p - fire elemental
Aim: a fire elemental (65% to hit)
You shoot a bolt.
The bolt closely misses the fire elemental.
The fire elemental hits you. The fire elemental burns you!
* * * LOW HITPOINT WARNING * * *
The fire elemental hits you. The fire elemental burns you!
* * * LOW HITPOINT WARNING * * *
You take 19 damage, and have 15/114 hp.
You now have 3/17 mp.
Fire: O) +2 arbalest (flame)
Press: ? - help, Q - select action, (/) - cycle Shift-Dir - straight line, f/p - fire elemental
Aim: a fire elemental (65% to hit)
You shoot a bolt. The bolt hits the fire elemental!
The fire elemental is moderately damaged.
The fire elemental hits you. The fire elemental burns you!
* * * LOW HITPOINT WARNING * * *
The fire elemental hits you. The fire elemental burns you!
* * * LOW HITPOINT WARNING * * *
The fire elemental hits you. The fire elemental burns you!
You die...
Kikubaaqudgha rasps: "You have failed me!
Welcome... death!"

#............#
#............#
#............#
#............#
#............#
#............#
#.......E..?.#
#......@.....#
#............#
#............#
#............#
#............#
#............#
#............#
...............#
...............#


You could see a fire elemental.

Vanquished Creatures
  A stone giant (Orc:2)
  3 ettins
  Fannar (D:9)
  A hydra (Lair:3)
  A catoblepas (Lair:4)
  A centaur warrior (D:13)
  A boulder beetle (D:12)
  2 two-headed ogres
  3 death yaks
  2 deep elf pyromancers
  2 orc knights
  3 ugly things
  A manticore (Lair:3)
  2 orc sorcerers
  10 cyclopes
  6 elephants
  4 black mambas
  A gargoyle (D:13)
  Joseph (D:8)
  11 cane toads
  5 komodo dragons
  An efreet (D:13)
  A kobold demonologist (D:13)
  2 unseen horrors
  7 rime drakes
  6 trolls
  7 blink frogs (Lair:3)
  A tarantella (shapeshifter) (D:12)
  Prince Ribbit (D:7)
  9 slime creatures
  A vampire (D:10)
  2 shadows (D:10)
  43 yaks
  4 wyverns
  3 wraiths
  11 basilisks
  3 fire elementals (D:14)
  15 vampire mosquitoes
  3 wargs
  11 water moccasins
  16 orc warriors
  2 black bears
  An ice beast (D:7)
  11 wolves
  7 ogres
  A centaur (D:5)
  A phantom (D:5)
  Blork the orc (D:4)
  2 kobold brigands
  12 bullfrogs
  A necrophage (D:8)
  2 scorpions
  A gnoll sergeant (D:13)
  12 wights
  10 killer bees
  5 howler monkeys
  3 electric eels
  A jelly (D:8)
  12 orc priests
  12 hounds
  3 iguanas (D:5)
  11 orc wizards
  7 hell rats
  7 gnolls
  5 adders
  A white imp (D:6)
  2 ufetubi (D:4)
  4 worms
  73 orcs
  6 endoplasms
  4 giant cockroaches
  4 goblins
  4 hobgoblins
  13 kobolds
  6 quokkas
  9 ball pythons
  6 frilled lizards
  3 rats
474 creatures vanquished.

Vanquished Creatures (collateral kills)
  A basilisk (Lair:3)
1 creature vanquished.

Vanquished Creatures (others)
  2 wyverns (Lair:3)
  A basilisk (Lair:3)
  3 orcs
  23 fungi
  16 plants
45 creatures vanquished.

Grand Total: 520 creatures vanquished

Notes
Turn   | Place    | Note
-------+----------+-------------------------------------------
     0 | D:1      | Ofeo the Demonspawn Hexslinger began the quest for the Orb.
     0 | D:1      | Reached XP level 1. HP: 15/15 MP: 2/2
   262 | D:1      | Gained mutation: You have sharp fingernails. [demonic
                  | ancestry]
   262 | D:1      | Reached XP level 2. HP: 21/21 MP: 3/3
  1709 | D:2      | Found a faded altar of an unknown god.
  2053 | D:2      | Reached XP level 3. HP: 26/26 MP: 2/5
  2083 | D:3      | Found Teq Voi's Assorted Antiques.
  2106 | D:3      | Bought a scroll labelled AMUUCA FAH TEPS for 29 gold pieces
  2106 | D:3      | Bought a scroll labelled AMUUCA FAH TEPS for 29 gold pieces
  2106 | D:3      | Bought a scroll labelled KOBLOD COOLOBB for 29 gold pieces
  2983 | D:3      | Gained mutation: You are partially covered in thin metallic
                  | scales. (AC +2) [demonic ancestry]
  2983 | D:3      | Reached XP level 4. HP: 18/33 MP: 6/6
  3459 | D:3      | Found a shimmering blue altar of Sif Muna.
  3531 | D:4      | Reached XP level 5. HP: 38/38 MP: 8/8
  3726 | D:3      | Learned a level 3 spell: Inner Flame
  3731 | D:3      | Learned a level 4 spell: Cause Fear
  4110 | D:4      | Noticed an ogre
  4292 | D:4      | Killed an ogre
  4293 | D:4      | Reached skill level 1 in Armour
  4341 | D:4      | Identified the +1 ring mail "Earthly Heaven" {Regen+ rCorr
                  | Stlth-}
  4403 | D:4      | Reached XP level 6. HP: 46/46 MP: 9/9
  4640 | D:4      | Found an opulent altar of Gozag.
  4669 | D:4      | Noticed Edmund
  4687 | D:4      | Found a shadowy altar of Dithmenos.
  4861 | D:4      | Found a hide-covered altar of Uskayaw.
  4901 | D:4      | Noticed Blork the orc
  4910 | D:4      | Killed Blork the orc
  5203 | D:5      | Entered Level 5 of the Dungeon
  5221 | D:5      | Noticed a water moccasin
  5237 | D:5      | Killed a water moccasin
  5354 | D:5      | Gained mutation: You regenerate a little health from kills.
                  | [demonic ancestry]
  5354 | D:5      | Reached XP level 7. HP: 52/52 MP: 10/10
  5462 | D:5      | Noticed a wraith
  5477 | D:5      | Killed a wraith
  6121 | D:5      | Gained mutation: You regenerate health from kills. [demonic
                  | ancestry]
  6121 | D:5      | Reached XP level 8. HP: 59/61 MP: 9/11
  6147 | D:5      | Got the Catalogue of Sweltering Vitiation
  6280 | D:5      | Found a sacrificial altar of Ru.
  7190 | D:6      | Reached skill level 5 in Fighting
  7193 | D:6      | Reached skill level 5 in Ranged Weapons
  7194 | D:6      | Reached skill level 5 in Dodging
  7324 | D:6      | Found an ornate altar of the Wu Jian Council.
  7329 | D:6      | Noticed a spectral centipede
  7329 | D:6      | Noticed a spectral black mamba
  7366 | D:6      | Found a staircase to the Ecumenical Temple.
  7460 | Temple   | Entered the Ecumenical Temple
  7730 | Temple   | Became a worshipper of Kikubaaqudgha
  8199 | D:7      | Noticed Prince Ribbit
  8199 | D:7      | You fall into a shaft and drop 3 floors!
  8199 | D:10     | Entered Level 10 of the Dungeon
  8281 | D:10     | Gained mutation: You have very sharp fingernails. [demonic
                  | ancestry]
  8281 | D:10     | Reached XP level 9. HP: 65/69 MP: 8/12
  8312 | D:10     | Found a blossoming altar of Fedhas.
  8483 | D:10     | Identified the +6 war axe of Huonuhao {chaos, rN+}
  8508 | D:10     | Noticed a brown ugly thing
  8519 | D:10     | Killed a brown ugly thing
  8520 | D:10     | Reached skill level 5 in Armour
  9564 | D:8      | Gained mutation: You have claws for hands. [demonic
                  | ancestry]
  9564 | D:8      | Reached XP level 10. HP: 54/79 MP: 10/13
  9838 | D:8      | Reached * piety under Kikubaaqudgha
  9838 | D:8      | Received a gift from Kikubaaqudgha
  9930 | D:8      | Noticed Joseph
  9942 | D:8      | Killed Joseph
  9990 | D:8      | Got Wyted's Commentary on Transfiguration
 10383 | D:7      | Killed Prince Ribbit
 10396 | D:7      | Found a radiant altar of Vehumet.
 10683 | D:7      | Found a basalt altar of Yredelemnul.
 11575 | D:8      | Reached ** piety under Kikubaaqudgha
 11990 | D:9      | Noticed an angel
 12049 | D:9      | Found a staircase to the Lair.
 12090 | D:9      | Found a staircase to the Orcish Mines.
 13103 | D:10     | Noticed Nergalle
 13104 | D:10     | Noticed a spectral orc warlord
 13448 | D:10     | Reached XP level 11. HP: 85/87 MP: 14/14
 13707 | D:11     | Found Ofooqit's Assorted Antiques.
 13868 | D:11     | Noticed a purple ugly thing
 13882 | D:11     | Killed a purple ugly thing
 14143 | D:11     | Noticed a tengu warrior
 14433 | Lair:1   | Entered Level 1 of the Lair of Beasts
 14915 | Lair:1   | Identified the +0 robe of Impressiveness {rElec rC+ Dex+4}
 15911 | Lair:2   | Reached *** piety under Kikubaaqudgha
 15911 | Lair:2   | Received a gift from Kikubaaqudgha
 15914 | Lair:2   | Learned a level 1 spell: Necrotise
 15917 | Lair:2   | Learned a level 2 spell: Cigotuvi's Dreadful Rot
 15920 | Lair:2   | Learned a level 2 spell: Blink
 15934 | Lair:2   | Found a staircase to the Swamp.
 16103 | Lair:2   | Reached skill level 1 in Necromancy
 16206 | Lair:2   | Reached skill level 1 in Poison Magic
 16214 | Lair:2   | Reached skill level 1 in Air Magic
 16237 | Lair:2   | Gained mutation: You are mostly covered in thin metallic
                  | scales. (AC +3) [demonic ancestry]
 16237 | Lair:2   | Reached XP level 12. HP: 97/97 MP: 15/15
 16369 | Lair:2   | Found a hole to the Spider Nest.
 17173 | Lair:3   | Reached skill level 10 in Fighting
 17610 | Lair:3   | Reached **** piety under Kikubaaqudgha
 18200 | Lair:3   | Noticed a four-headed hydra
 18204 | Lair:3   | Killed a four-headed hydra
 18887 | Lair:4   | Reached skill level 10 in Dodging
 18907 | Lair:4   | Reached skill level 10 in Ranged Weapons
 19065 | Lair:4   | Reached XP level 13. HP: 102/104 MP: 14/16
 19105 | Lair:4   | Reached skill level 5 in Necromancy
 19171 | Lair:4   | Identified the +1 pair of gloves of Daffodils {Int+6}
 20746 | Lair:4   | Identified the +4 dagger of Poverty {freeze, Str+3}
 21322 | Lair:4   | Found a staircase to the Slime Pits.
 21582 | Orc:1    | Entered Level 1 of the Orcish Mines
 21582 | Orc:1    | Noticed Fannar
 21653 | D:9      | Killed Fannar
 21875 | Orc:2    | Entered Level 2 of the Orcish Mines
 21899 | Orc:2    | Noticed an ettin
 21910 | Orc:1    | Killed an ettin
 21910 | Orc:1    | Reached ***** piety under Kikubaaqudgha
 22325 | Orc:2    | Found Duaxeorr's General Store.
 22374 | Orc:2    | Reached skill level 10 in Armour
 22381 | Orc:2    | Bought a scroll of teleportation for 48 gold pieces
 22381 | Orc:2    | Bought a potion of curing for 48 gold pieces
 22391 | Orc:2    | Found a staircase to the Elven Halls.
 22609 | Orc:2    | Noticed an ettin
 22629 | Orc:2    | Killed an ettin
 22845 | Orc:2    | Noticed a stone giant
 22860 | Orc:2    | Killed a stone giant
 23523 | Orc:2    | Noticed an ettin
 24200 | Orc:1    | Reached skill level 1 in Translocations
 24551 | Orc:2    | Found Caolilaf's Antique Weapon Shop.
 24566 | Orc:2    | Found Eweokez's Specific Store.
 24566 | Orc:2    | Found Vitsae's General Store.
 24591 | Orc:2    | Found Guthregyre's Jewellery Shoppe.
 24754 | Orc:2    | Found Pomaruna's Antique Armour Emporium.
 25182 | Orc:1    | Killed an ettin
 25273 | D:12     | Identified a scroll of acquirement
 25273 | D:12     | Acquired 938 gold pieces
 25425 | D:12     | Identified the +10 plate armour "Luzesu" {Str+2}
 25535 | D:12     | Gained mutation: You may rarely emit foul miasma when
                  | damaged in melee. [demonic ancestry]
 25535 | D:12     | Reached XP level 14. HP: 112/114 MP: 17/17
 27471 | D:14     | HP: 2/114 [fire elemental[Azrael] (9)]
 27471 | D:14     | Mangled by a fire elemental

Illustrated notes

Levels and vault maps discovered:
D:1:      minmay_arrival_arboretum_large, layout_basic, serial_forest,
          infiniplex_forest_lined_3, infiniplex_forest_clump_small,
          infiniplex_forest_lined_ring, infiniplex_forest_clump_curved,
          infiniplex_forest_clump_small, infiniplex_forest_split,
          infiniplex_forest_straight_1, chequers_avenue
D:2:      layout_basic, shapermc_ecumenical_altar_mp_ritualfount,
          chequers_garden, chequers_serial_rivers_small_b
D:3:      layout_rooms, lemuel_blue_sif_altar, serial_shops, nicolae_square_shop
D:4:      layout_basic, mainiacjoe_overflow_tiny_flanked,
          mainiacjoe_overflow_cross_hatched, grunt_gozag_statues,
          mainiacjoe_overflow_concentric_impassable, uniq_edmund,
          uniq_blork_the_orc
D:5:      layout_loops_ring, nicolae_ru_the_path_less_chosen, skrybe_limestone_x
D:6:      layout_loops_ring, pdpol_wu_jian_five_deadly_venoms, temple_pool_b
D:7:      layout_loops_ring, vehumet_altar_wand_db, kennysheep_mini_moat,
          uniq_prince_ribbit1
D:8:      layout_basic, kennysheep_small_circle, uniq_joseph
D:9:      layout_small_grid, zin_angel, erik_lair_island, orc_0_dummy
D:10:     layout_roguey, general_overflow_altar, uniq_nergalle
D:11:     layout_long_grid, portal_ice_cave_rime, enter_trove_1, serial_shops,
          nicolae_shop_crystal, uniq_gastronok
D:12:     layout_loops_ring
D:13:     layout_basic, lemuel_flamethrower_2
D:14:     layout_gridville, david_vaults_1, bloody_makhleb, minivault_19,
          uniq_lodul, uniq_azrael, uniq_louise, uniq_jorgrun
Temple:   nicolae_temple_ecumenical_triangle
Lair:1:   layout_regular_city, beast_lair_carwin_5
Lair:2:   layout_regular_city, swamp_mist_pool, spider_nest_entry_web_field,
          minivault_27
Lair:3:   layout_hall_layers, special_room [special_room_mythical_zoo],
          lemuel_fruit_tree, grunt_megastairs_1
Lair:4:   beast_lair_carwin_large_2, layout_layer_cave,
          dpeg_slime_entry_enclosed, patterned_corridor
Orc:1:    layout_caves, uniq_fannar
Orc:2:    grunt_orc_gardens, layout_caves, grunt_orc_garden, grunt_orc_garden,
          grunt_orc_garden, grunt_orc_garden, nicolae_specific_store

Skill      XL: |  1  2  3  4  5  6  7  8  9 10 11 12 13 14 |
---------------+-------------------------------------------+-----
Dodging        | 2 3 4 5 6 8 9 10 11 | 11.1
Ranged Weapons | 2 3 4 5 6 7 9 10 11 | 11.2
Fighting       | 2 3 4 5 7 8 9 10 11 | 11.9
Spellcasting   | 2 |  2.2
Armour         | 1 2 3 4 6 7 8 9 10 | 10.7
Necromancy     | 1 4 7 |  7.8
Poison Magic   | 1 3 |  3.0
Air Magic      | 1 3 |  3.0
Translocations | 1 2 |  2.8
Hexes          | |  3.8

Action                   |  1- 3 |  4- 6 |  7- 9 | 10-12 | 13-15 || total
-------------------------+-------+-------+-------+-------+-------++-------
Melee: Short sword       |    22 |   110 |    97 |       |       ||   229
       Morningstar       |       |       |   168 |   251 |       ||   419
       Long sword        |       |       |     1 |       |       ||     1
       Arbalest          |       |       |       |       |     1 ||     1
 Fire: Sling             |   125 |    11 |       |       |       ||   136
       Arbalest          |       |       |       |   424 |   596 ||  1020
 Cast: Slow              |    12 |     2 |     8 |     6 |     6 ||    34
       Necrotise         |       |       |       |       |     1 ||     1
Evoke: Wand              |       |       |       |     5 |       ||     5
  Use: Scroll            |     9 |     1 |     7 |    13 |     3 ||    33
       Potion            |     1 |       |     9 |     2 |     3 ||    15
Armor: Robe              |    22 |    25 |       |       |       ||    47
       Pearl dragon scal |       |    20 |   186 |   588 |   384 ||  1178
Dodge: Dodged            |    35 |    69 |   179 |   627 |   500 ||  1410

Table legend: (Time is in decaauts)
 A = Elapsed time spent in this place.
 B = Non-inter-level travel time spent in this place.
 C = Inter-level travel time spent in this place.
 D = Time resting spent in this place.
 E = Time spent auto-exploring this place.
 F = Levels seen in this place.
 G = Mean time per level.
                   A        B        C        D        E       F      G
               +--------+--------+--------+--------+--------+-----+--------+
         Total |  28945 |  27690 |   1255 |   7998 |  13733 |  21 | 1378.3 |
       Dungeon |  17681 |  16773 |    908 |   4570 |   8501 |  14 | 1262.9 |
        Temple |    130 |    114 |     16 |      0 |     33 |   1 |  130.0 |
          Lair |   7494 |   7241 |    253 |   1834 |   4016 |   4 | 1873.5 |
  Orcish Mines |   3640 |   3564 |     76 |   1594 |   1183 |   2 | 1820.0 |
               +--------+--------+--------+--------+--------+-----+--------+

Top non-repeatable levels by time:
  Lair:4: 2369 daAuts
    D:10: 2223 daAuts
     D:8: 1910 daAuts
  Lair:2: 1904 daAuts
   Orc:1: 1881 daAuts
  Lair:3: 1760 daAuts
   Orc:2: 1759 daAuts
     D:4: 1603 daAuts
     D:5: 1574 daAuts
  Lair:1: 1460 daAuts
     D:9: 1387 daAuts
     D:3: 1374 daAuts
     D:1: 1346 daAuts
     D:6: 1327 daAuts
    D:13: 1228 daAuts
